Map: Deathaura LE

Players

HeroMarine

  • Race: Terran Terran
  • League: Grandmaster
  • Spawn Location: 5:00

Reynor - Winner!

  • Race: Zerg Zerg
  • League: Master
  • Spawn Location: 11:00

VOD

Have the link to the VOD?

Description

Time

  • Played on: Jan. 14, 2021, 11:24 a.m.
  • Length: 11:55
Show
View Real Time Build Order
Export as new Build Order

HeroMarine Terran 

Build Orders: Reaper Expand, Hellion Banshee 

Get SALT Encoding   

  12  0:00  SCV  
  13  0:12  SCV  
  14  0:17  Supply Depot  
  14  0:24  SCV  
  15  0:38  SCV  
  15  0:39  Barracks  
  15  0:42  Refinery  
  16  0:50  SCV  
  17  1:02  SCV  
  18  1:14  SCV  
  19  1:25  Reaper  
  19  1:26  Orbital Command  
  20  1:38  Command Center  
  20  1:45  Supply Depot  
  20  1:52  SCV  
  21  1:57  Marine  
  22  2:04  SCV  
  22  2:06  Factory  
  23  2:16  SCV  
  23  2:22  Barracks Reactor  
  24  2:28  SCV  
  25  2:40  Command Center, SCV  
  26  2:51  Orbital Command  
  26  2:52  SCV  
  26  2:58  Starport  
  27  3:02  Hellion  
  27  3:04  Hellion  
  31  3:07  SCV  
  32  3:19  Refinery, SCV x2  
  34  3:24  Hellion  
  34  3:25  Barracks Tech Lab  
  34  3:26  Hellion  
  37  3:31  SCV x2  
  39  3:43  SCV x2  
  39  3:46  Hellion  
  39  3:47  Hellion  
  45  3:51  Banshee  
  45  3:52  Orbital Command  
  45  3:55  SCV x2  
  49  3:57  Barracks Tech Lab  
  50  4:05  Supply Depot  
  50  4:07  SCV x2  
  50  4:08  Hellion  
  50  4:09  Hellion  
  56  4:13  Orbital Command  
  56  4:16  Stimpack  
  56  4:19  SCV  
  56  4:20  SCV  
  58  4:27  Refinery  
  58  4:28  Marine  
  59  4:31  SCV  
  59  4:32  SCV  
  59  4:35  Barracks  
  61  4:38  SCV  
  61  4:40  Barracks  
  61  4:44  SCV x2  
  64  4:46  Starport Reactor  
  64  4:47  Supply Depot  
  64  4:49  Engineering Bay  
  64  4:50  Engineering Bay  
  64  4:51  SCV  
  64  4:52  Siege Tank  
  69  4:57  Refinery  
  69  4:59  SCV  
  69  5:05  Supply Depot  
  69  5:09  SCV x2, Marine  
  69  5:11  SCV  
  73  5:18  Barracks, Supply Depot  
  73  5:19  Barracks  
  73  5:20  Terran Infantry Weapons Level 1  
  73  5:21  Terran Infantry Armor Level 1, SCV x2  
  75  5:23  SCV  
  75  5:25  Marine  
  75  5:26  Marine  
  78  5:28  Starport Reactor  
  78  5:33  SCV x2  
  78  5:34  Supply Depot  
  80  5:37  Siege Tank  
  80  5:41  Marine x3  
  86  5:45  SCV x2  
  86  5:48  Supply Depot, SCV  
  89  5:50  Supply Depot  
  89  5:52  Marine x2  
  91  5:59  Combat Shield, SCV x2, Marine  
  91  6:00  SCV  
  91  6:02  Marine x2  
  97  6:05  Medivac x2  
  97  6:07  Barracks Reactor x2  
  97  6:10  Supply Depot  
  102  6:11  SCV x2  
  102  6:12  Marine x2  
  102  6:16  Marine  
  104  6:19  Supply Depot  
  104  6:20  Siege Tank, Marine  
  108  6:27  Supply Depot  
  108  6:28  Marine  
  108  6:29  Marine  
  108  6:31  Marine  
  111  6:34  Marine  
  111  6:38  Medivac, Marine  
  111  6:39  Armory  
  115  6:44  Medivac, Marine  
  115  6:45  Marine x3  
  121  6:48  Barracks  
  121  6:49  Barracks, Marine x3  
  121  6:50  Barracks  
  121  6:52  Marine  
  125  6:56  Marine  
  125  6:57  Supply Depot  
  126  7:02  Marine x2  
  126  7:03  Marine  
  126  7:04  Supply Depot  
  126  7:05  Siege Tank  
  132  7:12  Marine x3  
  132  7:13  Marine  
  132  7:14  Marine x2  
  138  7:20  Supply Depot  
  138  7:21  Supply Depot  
  138  7:25  Terran Infantry Armor Level 2  
  138  7:27  Marine x3  
  138  7:29  Marine  
  141  7:30  Supply Depot, Marine x2  
  141  7:31  Marine  
  141  7:34  Terran Infantry Weapons Level 2  
  145  7:40  Marine  
  145  7:41  Marine  
  145  7:42  Marine x3  
  149  7:45  Marine x2  
  151  7:53  Marine x2  
  151  7:55  Marine x2  
  151  7:56  Marine  
  154  7:58  Marine x2  
  154  7:59  Marine  
  154  8:00  Marine x2  
  154  8:03  Marine x2  
  161  8:07  Medivac x2, Siege Tank  
  161  8:11  Marine x2  
  170  8:13  Marine x2  
  170  8:14  Marine  
  170  8:16  Marine x2  
  170  8:17  Marine x3  
  163  8:20  Marine  
  163  8:21  Marine  
  149  8:29  Marine x2  
  149  8:31  Marine x2  
  149  8:32  Marine  
  149  8:34  Terran Vehicle And Ship Armor Level 1, Marine x2  
  152  8:35  Marine x3  
  152  8:37  Medivac x2  
  152  8:38  Marine x2  
  162  8:43  Sensor Tower  
  162  8:47  Marine x2  
  163  8:49  Marine x3  
  163  8:52  Marine x2  
  163  8:53  Marine x3  
  168  8:58  Siege Tank  
  168  8:59  Command Center  
  168  9:01  Marine x2  
  173  9:04  Marine  
  173  9:05  Marine  
  173  9:09  Marine x2  
  177  9:10  Marine x2  
  177  9:12  Marine x3  
  177  9:13  Marine  
  177  9:16  Medivac  
  158  9:19  Marine  
  158  9:20  Marine  
  158  9:22  Marine x2  
  143  9:27  Marine x2  
  143  9:28  Marine x2  
  143  9:29  Medivac, Marine  
  143  9:30  Siege Tank  
  140  9:41  Marine x2  
  140  9:43  Marine x2  
  140  9:45  Marine x6  
  147  9:46  Medivac  
  147  9:47  Marine  
  147  9:48  Marine  
  153  9:59  Marine x2  
  155  10:00  Marine  
  155  10:01  Marine  
  155  10:03  Marine x4  
  161  10:13  Marine  
  145  10:16  Marine x3  
  145  10:17  Siege Tank, Marine x2  
  145  10:18  Marine x2  
  145  10:19  Medivac  
  145  10:20  Medivac, Marine  
  145  10:21  Marine  
  156  10:23  Marine x2  
  158  10:31  Refinery, Marine  
  158  10:33  Marine  
  158  10:34  Factory, Marine x2  
  158  10:35  Marine  
  161  10:37  Marine  
  161  10:38  Missile Turret  
  161  10:42  Marine x3  
  163  10:44  Marine x2  
  163  10:46  Marine  
  167  10:51  Marine x2  
  167  10:53  Planetary Fortress, Missile Turret  
  167  10:55  Marine  
  167  10:56  Marine  
  167  10:57  Marine x2  
  171  11:03  Marine  
  171  11:04  Siege Tank, Marine x4  
  177  11:10  Medivac x2  
  182  11:13  Marine x2  
  182  11:16  Marine x4  
  182  11:17  Marine  
  189  11:19  Factory Tech Lab  
  189  11:20  Marine  
  189  11:22  Marine x2  
  130  11:34  Marine  
  130  11:35  Marine x8  
Show
View Real Time Build Order
Export as new Build Order

Reynor Zerg - Winner!

Build Orders: Hatch First, Muta Ling Bane 

Get SALT Encoding   

  12  0:00  Drone  
  13  0:12  Overlord  
  13  0:16  Drone  
  14  0:31  Drone x2  
  16  0:47  Hatchery  
  15  0:51  Drone  
  15  0:55  Drone  
  17  0:58  Drone  
  18  1:09  Extractor  
  17  1:13  Spawning Pool  
  17  1:16  Drone  
  17  1:19  Drone  
  18  1:27  Drone  
  19  1:38  Drone  
  20  1:49  Overlord  
  20  1:59  Queen x2  
  20  2:00  Zergling x4  
  26  2:10  Drone x2  
  28  2:21  Drone x2  
  30  2:27  Hatchery  
  29  2:31  Drone  
  29  2:32  Drone  
  31  2:38  Metabolic Boost  
  31  2:44  Queen  
  31  2:48  Overlord  
  33  2:52  Drone  
  33  2:53  Drone  
  33  2:56  Drone  
  36  3:09  Drone x3  
  39  3:14  Overlord  
  39  3:15  Drone x2  
  39  3:17  Drone  
  42  3:20  Queen  
  44  3:28  Overlord  
  44  3:32  Drone  
  45  3:38  Zergling x2  
  45  3:40  Drone x3  
  45  3:41  Drone  
  50  3:42  Zergling x2  
  50  3:44  Queen  
  50  3:47  Drone  
  54  3:50  Zergling x2  
  54  3:53  Drone  
  54  3:54  Overlord  
  54  3:55  Drone x2  
  58  3:57  Queen  
  58  3:59  Drone  
  58  4:01  Drone  
  62  4:04  Drone  
  63  4:11  Zergling x4  
  63  4:13  Drone x3  
  63  4:16  Overlord  
  68  4:20  Extractor, Evolution Chamber  
  68  4:21  Evolution Chamber  
  68  4:23  Drone  
  66  4:26  Overlord  
  66  4:30  Overlord  
  66  4:35  Drone x3  
  66  4:37  Drone x3  
  66  4:38  Drone x2  
  74  4:43  Queen  
  75  4:47  Hatchery  
  75  4:50  Drone x5  
  79  4:56  Zerg Ground Armor Level 1  
  79  4:57  Zerg Melee Weapons Level 1  
  79  5:01  Zergling x2  
  79  5:02  Zergling x4  
  79  5:03  Drone x2  
  84  5:08  Lair  
  84  5:10  Drone x2  
  84  5:11  Extractor, Drone  
  84  5:13  Overlord  
  84  5:14  Drone x2  
  87  5:17  Drone  
  87  5:18  Extractor  
  87  5:19  Overlord  
  88  5:23  Drone  
  89  5:29  Overlord, Baneling Nest, Extractor x2  
  89  5:31  Drone x4  
  90  5:36  Drone x4  
  90  5:37  Spore Crawler  
  90  5:39  Zergling x6  
  96  5:43  Drone  
  96  5:44  Drone  
  96  5:48  Drone  
  99  5:50  Drone x2  
  99  5:51  Drone  
  99  5:54  Overlord  
  99  5:55  Drone  
  99  5:56  Drone  
  104  5:58  Zergling x4  
  104  5:59  Zergling x2  
  104  6:04  Zergling x2  
  108  6:06  Queen  
  108  6:07  Zergling x4, Overseer  
  108  6:09  Zergling x2  
  108  6:11  Overlord  
  113  6:16  Zergling x2  
  113  6:17  Zergling x2, Spore Crawler  
  115  6:18  Zergling x6  
  115  6:22  Drone x2  
  115  6:24  Spore Crawler  
  118  6:25  Centrifical Hooks  
  118  6:27  Overlord  
  118  6:29  Drone x4  
  118  6:31  Baneling x4  
  118  6:32  Zergling x2, Baneling x2  
  123  6:33  Zergling x8  
  123  6:38  Spire  
  126  6:40  Overlord  
  126  6:42  Drone  
  126  6:43  Drone  
  126  6:44  Zergling x2  
  126  6:45  Overseer  
  126  6:46  Pneumatized Carapace  
  129  6:47  Zergling x6  
  129  6:52  Zerg Ground Armor Level 2  
  129  6:53  Zerg Melee Weapons Level 2  
  132  6:54  Drone x3  
  132  6:57  Zergling x8  
  132  7:00  Overlord  
  132  7:01  Zergling x4  
  141  7:07  Zergling x6  
  144  7:09  Baneling x7  
  144  7:11  Zergling x2  
  144  7:14  Overlord  
  145  7:18  Hatchery  
  145  7:20  Drone x3  
  145  7:22  Zergling x4  
  149  7:24  Zergling x4  
  149  7:27  Overlord  
  149  7:29  Zergling x2  
  152  7:31  Baneling x7  
  152  7:32  Overlord  
  151  7:37  Overlord  
  151  7:38  Zergling x4  
  151  7:45  Zergling x8  
  151  7:49  Baneling x5  
  151  7:51  Zergling x6  
  158  7:56  Zergling x16  
  165  7:58  Zergling x6  
  165  7:59  Zergling x4  
  165  8:00  Hatchery  
  165  8:01  Zergling x2  
  165  8:02  Zergling x2  
  165  8:04  Baneling x6  
  165  8:05  Baneling  
  170  8:06  Overlord  
  170  8:11  Baneling x4  
  170  8:12  Baneling x2  
  170  8:13  Zergling x6  
  170  8:16  Zergling x2  
  160  8:21  Zergling x2  
  160  8:24  Hatchery  
  160  8:25  Zergling x10  
  153  8:29  Zergling x8  
  153  8:30  Zergling x4  
  153  8:33  Zergling x4  
  159  8:36  Zergling x6  
  159  8:37  Queen  
  162  8:41  Zergling x2  
  162  8:45  Zergling x4  
  164  8:50  Zergling x4  
  164  8:52  Zergling x2  
  165  8:57  Zergling x2  
  165  8:58  Zergling x6  
  165  9:02  Zergling x6  
  172  9:05  Zergling x4  
  174  9:16  Zergling x16  
  151  9:26  Mutalisk x5  
  151  9:28  Mutalisk  
  151  9:31  Mutalisk x3  
  156  9:32  Queen  
  162  9:38  Mutalisk x3  
  162  9:39  Mutalisk x2  
  162  9:40  Baneling  
  162  9:41  Baneling x3  
  162  9:42  Baneling x9  
  172  9:47  Overlord, Mutalisk x3  
  178  9:53  Zergling x2  
  178  9:55  Zergling x2  
  178  9:58  Zergling x6  
  181  10:01  Overlord  
  181  10:03  Zergling x4  
  182  10:07  Zergling x6  
  182  10:11  Zergling x6, Hatchery  
  174  10:18  Zergling x16  
  174  10:19  Queen  
  180  10:22  Zergling x2  
  180  10:25  Drone  
  180  10:27  Overlord  
  182  10:28  Drone x4  
  182  10:34  Drone x5  
  181  10:38  Mutalisk x2  
  181  10:40  Burrow  
  181  10:42  Drone  
  186  10:44  Extractor  
  186  10:45  Extractor  
  186  10:46  Zergling x2  
  186  10:47  Zergling x16  
  186  10:49  Overlord  
  189  10:50  Mutalisk x2  
  189  10:51  Mutalisk  
  189  10:55  Hatchery  
  189  10:56  Zergling x6  
  198  10:57  Zergling x2  
  198  10:59  Zergling x4  
  198  11:03  Drone  
  195  11:08  Zergling x6  
  198  11:12  Zergling x2  
  199  11:20  Zergling x6  
  199  11:22  Zergling x4  
  199  11:23  Zergling x4  
  180  11:29  Mutalisk x3  
  180  11:30  Mutalisk x3  
  180  11:32  Zergling x2  
  161  11:35  Zergling x2  
  161  11:36  Zergling x2  
Tags
 
Add a new tag
Caveats
  • Supply blocks, unpowered buildings, or Contaminate may cause inaccurate times.
  • Supply counts are checked every 10 seconds.